cohdb
Replays
Latest Replays
All Replays
Popular Replays
Top Player Replays
Match Explorer
How It Works
Community
CoH3 Stats
Reddit
Sign in to upload your games and track your stats! →
Sign in with Steam
Match 41646936
Unlisted
Match 41646936
Overview
Messages
Build Orders
End
Construct Section Command Post
Vickers Machine Gun Team
Dingo Light Scout Car
Infantry Section
Infantry Section
ML 3-inch Mortar Team
Construct Platoon Command Post
Humber Armored Car
Royal Engineer Section
6-pounder Anti-tank Gun Team
nob talk too much
Numenour
カルト_くん
The World
0
0
Comments
sign in to comment!
No comments posted yet!